 Dungeon Crawl Stone Soup version 0.28-a0-932-g843f935a50 (webtiles) character file.

Game seed: 8915362614590269350

54 ytrimaz the Skirmisher (level 3, 0/29 HPs)
             Began as a Demonspawn Fighter on Nov 28, 2021.
             Killed from afar by Natasha (6 damage)
             ... with a magic dart
             ... on level 2 of the Dungeon.
             The game lasted 00:02:46 (1960 turns).

ytrimaz the Skirmisher (Demonspawn Fighter)         Turns: 1960, Time: 00:02:47

Health: 0/29       AC:  6    Str: 17    XL:     3   Next: 66%
Magic:  3/3        EV:  9    Int:  9    God:
Gold:   49         SH:  4    Dex: 12    Spells: 2/2 levels left

rFire   . . .      SeeInvis .     - Unarmed
rCold   . . .      Faith    .   c - +0 buckler
rNeg    . . .      Spirit   .   b - +0 scale mail
rPois   .          Reflect  .   (no helmet)
rElec   .          Harm     .   (no cloak)
rCorr   .          Rampage  .   (no gloves)
Will    .....                   (no boots)
Stlth   ..........              (no amulet)
HPRegen 0.09/turn               (no ring)
MPRegen 0.08/turn               (no ring)

@: no status effects
A: powered by death 1, demonic touch 1
a: no special abilities


You were on level 2 of the Dungeon.
You visited 1 branch of the dungeon, and saw 2 of its levels.

You collected 49 gold pieces.

Inventory:

Missiles
 a - 3 boomerangs (quivered)
Armour
 b - a +0 scale mail (worn)
 c - a +0 buckler (worn)
Scrolls
 h - a scroll of identify
Potions
 e - a potion of curing
 f - a potion of lignification
 g - a potion of flight {unknown}


   Skills:
 * Level 3.3 Fighting
 - Level 1.8 Axes
 * Level 3.2 Armour
 - Level 0.6 Dodging
 * Level 3.0 Shields
 + Level 1.1 Unarmed Combat


You had 2 spell levels left.
You didn't know any spells.
Your spell library contained the following spells:

 Spells                   Type           Power      Damage    Failure   Level
 Ensorcelled Hibernation  Hex/Ice        0%         N/A       92%         2
 Spider Form              Tmut/Pois      0%         N/A       99%         3


Dungeon Overview and Level Annotations

Branches:
Dungeon (2/15)

Altars:

Annotations:
D:2 Natasha


Innate Abilities, Weirdness & Mutations

You regenerate a little health from kills.
Your touch may inflict minor irresistible damage on your foes.


Message History

Natasha is lightly wounded.
Natasha barely misses you.
You hit Natasha.
Natasha is moderately wounded.
The white imp puffs mist at you. Natasha barely misses you.
You closely miss Natasha.
Natasha is moderately wounded.
The white imp shouts, "Decamp, thou unmuzzled toot-wallowing gonus!"
Natasha claws you!
You closely miss Natasha.
Natasha is moderately wounded.
You block Natasha's attack.
The crimson imp blinks!
You hit Natasha but do no damage.
Natasha is moderately wounded.
Natasha closely misses you.
You closely miss Natasha.
Natasha is moderately wounded.
The white imp sputters.
Natasha extends her claws.
You block Natasha's attack.
You hit Natasha.
Natasha is moderately wounded.
The white imp grins evilly.
You block Natasha's attack.
You barely miss Natasha.
Natasha is moderately wounded.
Natasha casts a spell at you. The magic dart hits you.
* * * LOW HITPOINT WARNING * * *
Unknown command.
Found a short sword.
The white imp disappears in a puff of smoke!
Natasha barely misses you.
You see here a +0 short sword.
Natasha howls an incantation.
You feel disoriented. Natasha casts a spell at you. The magic dart hits you.
You die...

.###..!.........#######
.................#
....ยง.......####.#
........###.# #).
#.#...#<. #.# ##.# #
#.#.### #5# .# #... #.#
.# #...#####.# ..
#....@.h5.# ###########


You could see Natasha and a white imp (summoned).

Vanquished Creatures
  An adder (D:2)
  A dart slug (D:1)
  6 ball pythons
  2 bats (D:1)
  5 endoplasms
  A giant cockroach (D:1)
  7 goblins (D:1)
  2 hobgoblins
  5 jackals (D:1)
  A quokka (D:1)
  A frilled lizard (D:1)
  2 kobolds
  3 rats
37 creatures vanquished.

Notes
Turn   | Place    | Note
-------+----------+-------------------------------------------
     0 | D:1      | ytrimaz the Demonspawn Fighter began the quest for the Orb.
     0 | D:1      | Reached XP level 1. HP: 18/18 MP: 1/1
    42 | D:1      | Gained mutation: Your touch may inflict minor irresistible
                  | damage on your foes. [demonic ancestry]
    42 | D:1      | Reached XP level 2. HP: 21/24 MP: 2/2
  1165 | D:1      | Gained mutation: You regenerate a little health from kills.
                  | [demonic ancestry]
  1165 | D:1      | Reached XP level 3. HP: 21/29 MP: 3/3
  1742 | D:2      | Reached skill level 1 in Unarmed Combat
  1924 | D:2      | Noticed Natasha
  1960 | D:2      | Killed from afar by Natasha

Illustrated notes

Levels and vault maps discovered:
D:1:      lightli_arrival_chessboard, layout_loops_ring,
          minmay_misc_feat_rugged, minmay_heptomino_l4
D:2:      layout_basic, dreamdust_ecumenical_altar_statues, basic_altar,
          uniq_natasha

Skill      XL: |  1  2  3 |
---------------+----------+-----
Armour         | 3 |  3.2
Shields        | 3 |  3.0
Unarmed Combat | 1 |  1.1
Fighting       | |  3.3
Axes           | |  1.8
Dodging        | |  0.6

Action                   || total
-------------------------++-------
Melee: War axe           ||     9
       Unarmed           ||   239
  Use: Scroll            ||     2
       Potion            ||     2
Armor: Scale mail        ||   112
       Skin              ||     2
Dodge: Dodged            ||    96
Block: Buckler           ||    63

Table legend: (Time is in decaauts)
 A = Elapsed time spent in this place.
 B = Non-inter-level travel time spent in this place.
 C = Inter-level travel time spent in this place.
 D = Time resting spent in this place.
 E = Time spent auto-exploring this place.
 F = Levels seen in this place.
 G = Mean time per level.
                   A        B        C        D        E       F      G
               +--------+--------+--------+--------+--------+-----+--------+
         Total |   1972 |   1942 |     30 |    410 |   1062 |   2 |  986.0 |
       Dungeon |   1972 |   1942 |     30 |    410 |   1062 |   2 |  986.0 |
               +--------+--------+--------+--------+--------+-----+--------+

Top non-repeatable levels by time:
     D:1: 1556 daAuts
     D:2: 416 daAuts
